 Dungeon Crawl Stone Soup version 0.18-b1-22-ge198996 (webtiles) character file.

67 Chiseanne the Magician (level 4, 30/30 HPs)
             Began as a Demonspawn Wizard on May 3, 2016.
             Quit the game on level 3 of the Dungeon.
             The game lasted 00:06:47 (3437 turns).

Chiseanne the Magician (Demonspawn Wizard)          Turns: 3437, Time: 00:06:48

Health: 30/30      AC:  5    Str:  7    XL:     4   Next: 0%
Magic:  6/9        EV: 11    Int: 20    God:
Gold:   145        SH:  0    Dex: 12    Spells: 4 memorised, 2 levels left

rFire  . . .     SeeInvis .     j - +0 dagger
rCold  . . .     Gourm    .     k - +0 leather armour {rN+}
rNeg   + . .     Faith    .     (no shield)
rPois  .         Spirit   .     b - +0 hat
rElec  .         Dismiss  .     (no cloak)
rCorr  .         Reflect  .     (no gloves)
SustAt .         Harm     .     (no boots)
MR     .....                    (no amulet)
Stlth  ++........               (no ring)
                                (no ring)

@: repel missiles, not resistant to hostile enchantments, unstealthy
A: talons 1, slimy green scales 1
a: no special abilities


You were on level 3 of the Dungeon.
You were not hungry.

You visited 1 branch of the dungeon, and saw 3 of its levels.

You collected 145 gold pieces.

Inventory:

Hand Weapons
 j - a +0 dagger (weapon)
Missiles
 h - 106 arrows
 i - 84 stones (quivered)
 l - 64 bolts
 o - 5 needles of confusion
 q - 41 sling bullets
 s - 5 tomahawks
Armour
 b - a +0 hat (worn)
 k - a +0 leather armour of positive energy (worn)
Scrolls
 a - a scroll of amnesia {unknown}
 e - 3 scrolls of identify
Potions
 f - 2 potions of might
 p - a potion of magic
 t - a potion of cancellation
Books
 c - a book of Minor Magic

   Spells                             Type                      Level
   a - Magic Dart                     Conjuration                  1
   b - Blink                          Translocation                2
   c - Call Imp                       Summoning                    2
   d - Repel Missiles                 Charms/Air                   2
   e - Slow                           Hexes                        2
   f - Conjure Flame                  Conjuration/Fire             3
   g - Mephitic Cloud                 Conjuration/Poison/Air       3
Comestibles
 d - 2 bread rations
 g - 5 chunks of flesh
 m - a slice of pizza
 n - a beef jerky


   Skills:
 * Level 1.4 Armour
 - Level 1.7 Dodging
 - Level 1.7 Stealth
 * Level 3.9 Spellcasting
 * Level 1.9 Conjurations
   Level 1.0 Summonings
 - Level 0.8 Translocations


You had 2 spell levels left.
You knew the following spells:

 Your Spells              Type           Power        Failure   Level  Hunger
a - Magic Dart            Conj           ##..         12%         1    None
b - Blink                 Tloc           N/A          24%         2    ##.....
c - Repel Missiles        Chrm/Air       #.....       34%         2    ##.....
d - Mephitic Cloud        Conj/Pois/Air  #.......     45%         3    ###....


Dungeon Overview and Level Annotations

Branches:
Dungeon (3/15)

Altars:
Dithmenos
Ru
Sif Muna


Innate Abilities, Weirdness & Mutations

You have sharp toenails.
You are partially covered in slimy green scales (AC +2).


Message History

Your magical contamination has completely faded away.
Some of the chunks of flesh in your inventory have rotted away.
A rat comes into view.
Casting: Magic Dart
Confirm with . or Enter, or press ? or * to list all spells.
Aiming: Magic Dart
Press: ? - help, Shift-Dir - straight line, f - rat
Aim: a rat (resting)
The magic dart hits the rat.
Casting: Magic Dart
Confirm with . or Enter, or press ? or * to list all spells.
Aiming: Magic Dart
Press: ? - help, Shift-Dir - straight line, f/p - rat
Aim: a rat The magic dart hits the rat.
You kill the rat!
You have reached level 4!
You feel agile.
Your demonic ancestry asserts itself...
Your toenails lengthen and sharpen.
Are you sure you want to abandon this character and quit the game? (Confirm with "yes".)

####.##
#.........#### #....#
#..........# # #....#
#..........### #....#
#>.....>...<.. #....#
#............. #....#
#........###. #....#
##.....#.# ##
###....########.....#
#.......@...# #.#####
.............# #.#
......$..........#
.......$......####
..............# K
..............#
..............#
.............#


There were no monsters in sight!

Vanquished Creatures
  2 adders (D:2)
  2 worms (D:2)
  2 dart slugs (D:2)
  A ball python (D:3)
  2 giant cockroaches
  4 hobgoblins
  4 jackals (D:3)
  3 kobolds
  A quokka (D:2)
  4 bats
  A giant newt (D:1)
  5 goblins
  10 rats
41 creatures vanquished.

Notes
Turn   | Place    | Note
--------------------------------------------------------------
     0 | D:1      | Chiseanne the Demonspawn Wizard began the quest for the Orb.
     0 | D:1      | Reached XP level 1. HP: 13/13 MP: 4/4
   811 | D:1      | Gained mutation: You are partially covered in slimy green scales (AC +2). [demonic ancestry]
   811 | D:1      | Reached XP level 2. HP: 18/19 MP: 1/6
  1379 | D:2      | Found a deep blue altar of Sif Muna.
  1379 | D:2      | Found a shadowy altar of Dithmenos.
  1611 | D:2      | Learned a level 2 spell: Blink
  1614 | D:2      | Learned a level 2 spell: Repel Missiles
  1809 | D:2      | Found a sacrificial altar of Ru.
  1904 | D:2      | Reached XP level 3. HP: 24/24 MP: 2/8
  1959 | D:2      | Learned a level 3 spell: Mephitic Cloud
  2257 | D:2      | HP: 1/24 [worm (7)]
  2670 | D:2      | Reached skill level 1 in Armour
  3436 | D:3      | Gained mutation: You have sharp toenails. [demonic ancestry]
  3436 | D:3      | Reached XP level 4. HP: 30/30 MP: 6/9
  3437 | D:3      | Quit the game

Skill      XL: |  1  2  3 |
---------------+----------+-----
Armour         | 1 |  1.4
Dodging        | |  1.7
Stealth        | |  1.7
Spellcasting   | |  3.9
Conjurations   | |  1.9
Summonings     | |  1.0
Translocations | |  0.8

Action                   |  1- 3 |  4- 6 || total
-------------------------+-------+-------++-------
Melee: Dagger            |    84 |       ||    84
 Cast: Magic Dart        |    93 |     1 ||    94
       Repel Missiles    |     2 |       ||     2
       Mephitic Cloud    |     4 |       ||     4
       Blink             |     1 |       ||     1
  Use: Scroll            |     4 |       ||     4
       Potion            |     1 |       ||     1
 Stab: Confused          |     2 |       ||     2
  Eat: Chunk             |     7 |       ||     7
       Beef jerky        |     1 |       ||     1
Armor: Leather armour    |    20 |       ||    20
Dodge: Dodged            |    47 |       ||    47
       Deflected         |     1 |       ||     1
